MWL (24 & UNDER)
CINCINNATI PRIDE @ WISCONSIN RAPIDS RANGERS
07/14/2023
 
TOP OF THE 1ST
Cincinnati Pride batting - Pitching for Wisconsin Rapids Rangers : RHP Ben Messer
Pitching: RHP Ben Messer
Batting: SHB Nick Marshall 0-0: Called Strike
0-1: Called Strike
0-2: Ball
1-2: Foul Ball, location: 2F
1-2: Strikes out swinging
Batting: LHB Ricardo Brandariz 0-0: Called Strike
0-1: Ball
1-1: Ball
2-1: Ball
3-1: SINGLE (Line Drive, 4D)
Batting: RHB Fernando Díaz 0-0: Ball
1-0: Called Strike
1-1: Fly out, F9 (Flyball, 9LS)
Batting: LHB Robin Hill 0-0: Ball
Ricardo Brandariz steals 2nd base
1-0: Called Strike
1-1: SINGLE (Line Drive, 4MD)
Ricardo Brandariz to third
Runner from 3rd tries for Home, SAFE, no throw or cutoff
Batting: RHB Peter Sexton 0-0: Ball
1-0: Ball
2-0: Ground out 4-3 (Groundball, 4)
Top of the 1st over - 1 run(s), 2 hit(s), 0 error(s), 1 left on base; Cincinnati 1 - Wisconsin Rapids 0
BOTTOM OF THE 1ST
Wisconsin Rapids Rangers batting - Pitching for Cincinnati Pride : LHP Pedro Orozco
Pitching: LHP Pedro Orozco
Batting: RHB John Hursted 0-0: Ball
1-0: Ball
2-0: Foul Ball, location: 2F
2-1: Foul Ball, location: 2F
2-2: Foul Ball, location: 2F
2-2: Ball
3-2: SINGLE (Groundball, 56)
Batting: RHB Jeffrey Lee 0-0: Called Strike
0-1: SINGLE (Line Drive, 9LM)
John Hursted to second
Runner from 2nd tries for 3rd, SAFE, throw made to third
Batting: RHB Tom Thompson 0-0: Called Strike
0-1: Foul Ball, location: 2F
0-2: Ball
1-2: Foul Ball, location: 2F
1-2: Ball
2-2: Ball
3-2: Grounds into double play, 4-6-3 (Groundball, 34)
John Hursted scores
Batting: RHB Kirk Powell 0-0: Ball
1-0: Ball
2-0: Foul Ball, location: 2F
2-1: Fly out, F7 (Flyball, 78D)
Bottom of the 1st over - 1 run(s), 2 hit(s), 0 error(s), 0 left on base; Cincinnati 1 - Wisconsin Rapids 1
TOP OF THE 2ND
Cincinnati Pride batting - Pitching for Wisconsin Rapids Rangers : RHP Ben Messer
Batting: RHB Alden Isenhood 0-0: Ball
1-0: Ball
2-0: Ball
3-0: Base on Balls
Batting: RHB Wilson Flores 0-0: Called Strike
0-1: Called Strike
0-2: Strikes out looking
Batting: RHB Leonardo Pinto 0-0: Called Strike
0-1: Swinging Strike
0-2: Strikes out looking
Batting: SHB Larry Peterson 0-0: Ball
1-0: Ball
2-0: Swinging Strike
2-1: Foul Ball, location: 2F
2-2: Strikes out swinging
Top of the 2nd over - 0 run(s), 0 hit(s), 0 error(s), 1 left on base; Cincinnati 1 - Wisconsin Rapids 1
BOTTOM OF THE 2ND
Wisconsin Rapids Rangers batting - Pitching for Cincinnati Pride : LHP Pedro Orozco
Batting: RHB Robert Acosta 0-0: Ball
1-0: Ball
2-0: Fly out, F8 (Flyball, 8LM)
Batting: RHB Ray Little 0-0: SINGLE (Line Drive, 34)
Batting: LHB Ramón Córdova 0-0: Called Strike
0-1: Fly out, F9 (Line Drive, 9M)
Batting: RHB James Green 0-0: Ball
1-0: Ball
2-0: Called Strike
2-1: Ball
3-1: Base on Balls
Ray Little to second
Batting: LHB Ron Robinson 0-0: Swinging Strike
0-1: Fly out, F8 (Flyball, 8LD)
Bottom of the 2nd over - 0 run(s), 1 hit(s), 0 error(s), 2 left on base; Cincinnati 1 - Wisconsin Rapids 1
TOP OF THE 3RD
Cincinnati Pride batting - Pitching for Wisconsin Rapids Rangers : RHP Ben Messer
Batting: SHB Nick Marshall 0-0: Ball
1-0: Ball
2-0: Called Strike
2-1: Swinging Strike
2-2: Foul Ball, location: 2F
2-2: Foul Ball, location: 2F
2-2: Strikes out swinging
Batting: LHB Ricardo Brandariz 0-0: Foul Ball, location: 2F
0-1: Ball
1-1: SINGLE (Line Drive, 6D)
Batting: RHB Fernando Díaz 0-0: Ball
1-0: Swinging Strike
1-1: Grounds into double play, 1-6-3 (Groundball, 13)
Top of the 3rd over - 0 run(s), 1 hit(s), 0 error(s), 0 left on base; Cincinnati 1 - Wisconsin Rapids 1
BOTTOM OF THE 3RD
Wisconsin Rapids Rangers batting - Pitching for Cincinnati Pride : LHP Pedro Orozco
Batting: RHB John Hursted 0-0: SINGLE (Line Drive, 56D)
Batting: RHB Jeffrey Lee 0-0: DOUBLE (Line Drive, 8RM)
John Hursted to third
Batting: RHB Tom Thompson 0-0: Ball
1-0: Foul Ball, location: 2F
1-1: Foul Ball, location: 2F
1-2: Strikes out swinging
Batting: RHB Kirk Powell 0-0: Fly out, F7 (Flyball, 78M)
Runner from 3rd tags up, SCORES, no throw
Batting: RHB Robert Acosta 0-0: Called Strike
0-1: Ground out 6-3 (Groundball, 6M)
Bottom of the 3rd over - 1 run(s), 2 hit(s), 0 error(s), 1 left on base; Cincinnati 1 - Wisconsin Rapids 2
TOP OF THE 4TH
Cincinnati Pride batting - Pitching for Wisconsin Rapids Rangers : RHP Ben Messer
Batting: LHB Robin Hill 0-0: Called Strike
0-1: Ball
1-1: Ball
2-1: Swinging Strike
2-2: SINGLE (Groundball, 15) (infield hit)
Batting: RHB Peter Sexton 0-0: Ball
1-0: Called Strike
1-1: DOUBLE (Line Drive, 9LM)
Robin Hill to third
Batting: RHB Alden Isenhood 0-0: Called Strike
0-1: Swinging Strike
0-2: Foul Ball, location: 2F
0-2: Ball
1-2: Ball
2-2: Foul Ball, location: 2F
2-2: Strikes out swinging
Batting: RHB Wilson Flores 0-0: Foul Ball, location: 2F
0-1: Ball
1-1: Foul Ball, location: 2F
1-2: Ball
2-2: Reached on Error, E8 (Flyball, 8LS)
Robin Hill scores
Peter Sexton to third
Batting: RHB Leonardo Pinto 0-0: Swinging Strike
0-1: Ball
1-1: Swinging Strike
1-2: Ball
2-2: Foul Ball, location: 2F
2-2: Foul Ball, location: 2F
2-2: Ball
3-2: Base on Balls
Wilson Flores to second
Batting: SHB Larry Peterson 0-0: Ball
1-0: Foul Ball, location: 2F
1-1: Ball
2-1: Swinging Strike
2-2: Strikes out swinging
Batting: SHB Nick Marshall 0-0: Ball
1-0: Called Strike
1-1: Ball
2-1: Ball
3-1: Fly out, F8 (Flyball, 78M)
Top of the 4th over - 1 run(s), 2 hit(s), 1 error(s), 3 left on base; Cincinnati 2 - Wisconsin Rapids 2
BOTTOM OF THE 4TH
Wisconsin Rapids Rangers batting - Pitching for Cincinnati Pride : LHP Pedro Orozco
Batting: RHB Ray Little 0-0: Ball
1-0: Foul Ball, location: 2F
1-1: Foul Ball, location: 2F
1-2: Ball
2-2: SINGLE (Groundball, 6MD)
Batting: LHB Ramón Córdova 0-0: Called Strike
0-1: Called Strike
0-2: Strikes out swinging
Batting: RHB James Green 0-0: Ball
1-0: Foul Ball, location: 2F
1-1: Called Strike
1-2: Ball
2-2: Strikes out looking
Batting: LHB Ron Robinson 0-0: Ball
1-0: Called Strike
1-1: Ball
2-1: Foul Ball, location: 2F
2-2: Foul Ball, location: 2F
2-2: Ball
3-2: Base on Balls
Ray Little to second
Batting: RHB John Hursted 0-0: Called Strike
0-1: SINGLE (Groundball, 25) (infield hit)
Ray Little to third
Ron Robinson to second
Batting: RHB Jeffrey Lee 0-0: Ball
1-0: Called Strike
1-1: Called Strike
1-2: Foul Ball, location: 2F
1-2: Strikes out looking
Bottom of the 4th over - 0 run(s), 2 hit(s), 0 error(s), 3 left on base; Cincinnati 2 - Wisconsin Rapids 2
TOP OF THE 5TH
Cincinnati Pride batting - Pitching for Wisconsin Rapids Rangers : RHP Ben Messer
Pitching: RHP Juan Contreras
Batting: LHB Ricardo Brandariz 0-0: Ball
1-0: Ground out 1-3 (Groundball, 13S)
Batting: RHB Fernando Díaz 0-0: Called Strike
0-1: Hit by Pitch
Batting: LHB Robin Hill 0-0: Ball
1-0: DOUBLE (Line Drive, 78M)
Fernando Díaz to third
Batting: RHB Peter Sexton 0-0: Reached on error, E5 (Groundball, 5)
Fernando Díaz scores
Robin Hill to third
Batting: RHB Alden Isenhood 0-0: Called Strike
0-1: Grounds into double play, 3-6-3 (Groundball, 3)
Top of the 5th over - 1 run(s), 1 hit(s), 1 error(s), 1 left on base; Cincinnati 3 - Wisconsin Rapids 2
BOTTOM OF THE 5TH
Wisconsin Rapids Rangers batting - Pitching for Cincinnati Pride : LHP Pedro Orozco
Batting: RHB Tom Thompson 0-0: Ball
1-0: Ball
2-0: Swinging Strike
2-1: Called Strike
2-2: Strikes out swinging
Batting: RHB Kirk Powell 0-0: Swinging Strike
0-1: Foul Ball, location: 2F
0-2: Foul Ball, location: 2F
0-2: Ball
1-2: Ball
2-2: Foul Ball, location: 2F
2-2: Foul Ball, location: 2F
2-2: Strikes out swinging
Batting: RHB Robert Acosta 0-0: Ground out 5-3 (Groundball, 5S)
Bottom of the 5th over - 0 run(s), 0 hit(s), 0 error(s), 0 left on base; Cincinnati 3 - Wisconsin Rapids 2
TOP OF THE 6TH
Cincinnati Pride batting - Pitching for Wisconsin Rapids Rangers : RHP Juan Contreras
Batting: RHB Wilson Flores 0-0: Fly out, F7 (Line Drive, 7M)
Batting: RHB Leonardo Pinto 0-0: Ball
1-0: Called Strike
1-1: Ball
2-1: Called Strike
2-2: Strikes out swinging
Batting: SHB Larry Peterson 0-0: Called Strike
0-1: Foul Ball, location: 2F
0-2: Ball
1-2: DOUBLE (Line Drive, 3D)
Batting: SHB Nick Marshall 0-0: Called Strike
0-1: Ball
1-1: Foul Ball, location: 2F
1-2: Ball
2-2: Ball
3-2: Base on Balls
Batting: LHB Ricardo Brandariz 0-0: Foul Ball, location: 2F
0-1: Ball
1-1: Ball
2-1: Ball
3-1: Base on Balls
Larry Peterson to third
Nick Marshall to second
Batting: RHB Fernando Díaz 0-0: Called Strike
0-1: Ball
1-1: Ground out 1-3 (Groundball, 23)
Top of the 6th over - 0 run(s), 1 hit(s), 0 error(s), 3 left on base; Cincinnati 3 - Wisconsin Rapids 2
BOTTOM OF THE 6TH
Wisconsin Rapids Rangers batting - Pitching for Cincinnati Pride : LHP Pedro Orozco
Batting: RHB Ray Little 0-0: Swinging Strike
0-1: Swinging Strike
0-2: Foul Ball, location: 2F
0-2: Foul Ball, location: 2F
0-2: Ground out 6-3 (Groundball, 6M)
Pitching: RHP Tomás Pagán
Batting: LHB Ramón Córdova 0-0: Called Strike
0-1: Called Strike
0-2: Ball
1-2: Foul Ball, location: 2F
1-2: Foul Ball, location: 2F
1-2: Foul Ball, location: 2F
1-2: Strikes out swinging
Batting: RHB James Green 0-0: Fly out, F9 (Flyball, 89M)
Bottom of the 6th over - 0 run(s), 0 hit(s), 0 error(s), 0 left on base; Cincinnati 3 - Wisconsin Rapids 2
TOP OF THE 7TH
Cincinnati Pride batting - Pitching for Wisconsin Rapids Rangers : RHP Juan Contreras
Pitching: RHP Ramiro Maestas
Batting: LHB Robin Hill 0-0: Called Strike
0-1: Ball
1-1: Swinging Strike
1-2: DOUBLE (Flyball, 78M)
Pinch Hitting: RHB Francisco Rincón 0-0: Intentional Walk
Batting: RHB Alden Isenhood 0-0: Swinging Strike
0-1: Bunted foul
0-2: Ball
1-2: Ball
2-2: Foul Ball, location: 2F
2-2: Ball
3-2: Foul Ball, location: 2F
3-2: Base on Balls
Robin Hill to third
Francisco Rincón to second
Batting: RHB Wilson Flores 0-0: Foul Ball, location: 2F
0-1: Ball
1-1: Ball
2-1: DOUBLE (Flyball, 78D)
Robin Hill scores
Francisco Rincón scores
Alden Isenhood to third
Batting: RHB Leonardo Pinto 0-0: Intentional Walk
Batting: SHB Larry Peterson 0-0: Called Strike
0-1: Ball
1-1: Foul Ball, location: 2F
1-2: Ball
2-2: Foul Ball, location: 2F
2-2: Strikes out swinging
Batting: SHB Nick Marshall 0-0: Called Strike
0-1: Ball
1-1: Ball
2-1: Ball
3-1: Called Strike
3-2: Ground out 4-3 (Groundball, 4MD)
Alden Isenhood scores
Wilson Flores to third
Leonardo Pinto to second
Batting: LHB Ricardo Brandariz 0-0: Ball
1-0: Called Strike
1-1: Swinging Strike
1-2: Ball
2-2: 3-RUN HOME RUN (Flyball, 9LD), Distance : 345 ft
Pitching: LHP Steve Alexander
Batting: RHB Fernando Díaz 0-0: Ball
1-0: Fly out, F3 (Popup, 3F)
Top of the 7th over - 6 run(s), 3 hit(s), 0 error(s), 0 left on base; Cincinnati 9 - Wisconsin Rapids 2
BOTTOM OF THE 7TH
Wisconsin Rapids Rangers batting - Pitching for Cincinnati Pride : RHP Tomás Pagán
Now at 3B: Francisco Rincón
Batting: LHB Ron Robinson 0-0: Ball
1-0: Called Strike
1-1: Ball
2-1: Fly out, F8 (Line Drive, 8LM)
Batting: RHB John Hursted 0-0: Foul Ball, location: 2F
0-1: Ball
1-1: Foul Ball, location: 2F
1-2: Ball
2-2: Fly out, F8 (Flyball, 8RS)
Batting: RHB Jeffrey Lee 0-0: Ball
1-0: Ground out 6-3 (Groundball, 6)
Bottom of the 7th over - 0 run(s), 0 hit(s), 0 error(s), 0 left on base; Cincinnati 9 - Wisconsin Rapids 2
TOP OF THE 8TH
Cincinnati Pride batting - Pitching for Wisconsin Rapids Rangers : LHP Steve Alexander
Batting: LHB Robin Hill 0-0: Foul Ball, location: 2F
0-1: Ground out 6-3 (Groundball, 6)
Batting: RHB Francisco Rincón 0-0: SINGLE (Groundball, 15S) (infield hit)
Batting: RHB Alden Isenhood 0-0: SINGLE (Groundball, 34D)
Francisco Rincón to second
Runner from 2nd tries for 3rd, SAFE, throw made to third
Batting: RHB Wilson Flores 0-0: Called Strike
0-1: Ball
1-1: Called Strike
1-2: Ball
2-2: Strikes out swinging
Batting: RHB Leonardo Pinto 0-0: Ball
1-0: Foul Ball, location: 2F
1-1: Called Strike
1-2: Foul Ball, location: 2F
1-2: Ground out 1-3 (Groundball, 15)
Top of the 8th over - 0 run(s), 2 hit(s), 0 error(s), 2 left on base; Cincinnati 9 - Wisconsin Rapids 2
BOTTOM OF THE 8TH
Wisconsin Rapids Rangers batting - Pitching for Cincinnati Pride : RHP Tomás Pagán
Pinch Hitting: RHB Bruce Brooks 0-0: Ball
1-0: Called Strike
1-1: Foul Ball, location: 2F
1-2: Strikes out swinging
Pitching: LHP José Alaniz
Batting: RHB Kirk Powell 0-0: Foul Ball, location: 2F
0-1: Foul Ball, location: 2F
0-2: Ball
1-2: Ball
2-2: Strikes out swinging
Batting: RHB Robert Acosta 0-0: Ground out 5-3 (Groundball, 56)
Bottom of the 8th over - 0 run(s), 0 hit(s), 0 error(s), 0 left on base; Cincinnati 9 - Wisconsin Rapids 2
TOP OF THE 9TH
Cincinnati Pride batting - Pitching for Wisconsin Rapids Rangers : LHP Steve Alexander
Now in CF: Bruce Brooks
Batting: SHB Larry Peterson 0-0: Foul Ball, location: 2F
0-1: Ball
1-1: Ball
2-1: Ball
3-1: Base on Balls
Batting: SHB Nick Marshall 0-0: Ball
1-0: Ball
2-0: Sac Bunt - play at first, batter OUT! 1-3
Larry Peterson to second
Batting: LHB Ricardo Brandariz 0-0: Swinging Strike
0-1: Ground out 6-3 (Groundball, 6M)
Larry Peterson to third
Batting: RHB Fernando Díaz 0-0: Reached on error, E6 (Groundball, 56)
Larry Peterson scores
Batting: LHB Robin Hill 0-0: Called Strike
0-1: Ground out 4-3 (Groundball, 4)
Top of the 9th over - 1 run(s), 0 hit(s), 1 error(s), 1 left on base; Cincinnati 10 - Wisconsin Rapids 2
BOTTOM OF THE 9TH
Wisconsin Rapids Rangers batting - Pitching for Cincinnati Pride : LHP José Alaniz
Batting: RHB Ray Little 0-0: Ball
1-0: Called Strike
1-1: Ground out 6-3 (Groundball, 6)
Batting: LHB Ramón Córdova 0-0: Ball
1-0: Swinging Strike
1-1: Ball
2-1: Fly out, F8 (Line Drive, 8RM)
Batting: RHB James Green 0-0: Called Strike
0-1: Ball
1-1: Ball
2-1: Ball
3-1: Ground out 2-3 (Groundball, 23)
Bottom of the 9th over - 0 run(s), 0 hit(s), 0 error(s), 0 left on base; Cincinnati 10 - Wisconsin Rapids 2
This league is powered by Out of the Park Baseball, the baseball management simulation game for PC, Mac and Linux
Wednesday, December 2nd, 2015 - OOTP Baseball 16.8 Build 38